[Event "Titled Tuesday Blitz March 14 Early 2023"]
[White "Tanenbaum, Zachary"]
[Black "Le, Tuan Minh"]
[WhiteFideId "2060850"]
[BlackFideId "12401153"]
[WhiteElo "2175"]
[BlackElo "2558"]
[Result "0-1"]
[Round "02"]
[TimeControl "180+2"]
[Date "2023.03.14"]
[WhiteClock "0:00:01"]
[BlackClock "0:00:23"]

1. e4 c5 2. Nf3 Nf6 3. e5 Nd5 4. Nc3 Nxc3 5. dxc3 Nc6 6. Bf4 Qb6 7. b3 Qa5 8. Qd2 h6 9. Bd3 g5 10. Bg3 g4 11. Nh4 Bg7 12. f4 d5 13. Nf5 Bxf5 14. Bxf5 h5 15. O-O e6 16. Bd3 O-O-O 17. Rae1 h4 18. Bf2 Rdg8 19. Qe3 g3 20. hxg3 hxg3 21. Bxg3 Qxc3 22. f5 Bh6 23. Bf4 Bxf4 24. Qxf4 a6 25. Re3 Qd2 26. Qf2 Qb4 27. Qf4 Nd4 28. fxe6 fxe6 29. Rg3 Kb8 30. Rg7 Rxg7 31. Qf6 Rhg8 0-1


[Site "https://www.chess.com"]

[Event "Titled Tuesday Blitz March 14 Early 2023"]
[White "Bluebaum, Matthias"]
[Black "De Silva, L M S T"]
[WhiteFideId "24651516"]
[BlackFideId "9953698"]
[WhiteElo "2638"]
[BlackElo "2403"]
[Result "1-0"]
[Round "02"]
[TimeControl "180+2"]
[Date "2023.03.14"]
[WhiteClock "0:00:48"]
[BlackClock "0:00:02"]

1. d4 Nf6 2. c4 e6 3. Nc3 Bb4 4. e3 O-O 5. Bd2 d5 6. Nf3 b6 7. cxd5 exd5 8. Rc1 Bb7 9. Bd3 c5 10. a3 c4 11. axb4 cxd3 12. Ne5 Nc6 13. Nxd3 Qe7 14. O-O Rac8 15. Qb3 Ne4 16. Be1 Rfd8 17. Nf4 Nxb4 18. f3 Nf6 19. Bf2 Ba6 20. Rfd1 g5 21. Nfe2 Nd3 22. Ra1 Bc4 23. Qc2 Nxf2 24. Kxf2 Re8 25. Qd2 g4 26. Ng3 gxf3 27. gxf3 Qe6 28. e4 Qh3 29. Qg5+ Kf8 30. Qxf6 Qxh2+ 31. Ke3 Re6 32. Qh8+ Ke7 33. Rxa7+ Kd6 34. Nf5+ Kc6 35. Qxc8+ 1-0


[Site "https://www.chess.com"]

[Event "Titled Tuesday Blitz March 14 Early 2023"]
[White "Rohith Krishna S"]
[Black "Shimanov, Aleksandr"]
[WhiteFideId "46617051"]
[BlackFideId "4198603"]
[WhiteElo "2270"]
[BlackElo "2631"]
[Result "0-1"]
[Round "02"]
[TimeControl "180+2"]
[Date "2023.03.14"]
[WhiteClock "0:00:19"]
[BlackClock "0:00:05"]

1. d4 d5 2. c4 c6 3. Nc3 Nf6 4. e3 a6 5. a4 e6 6. a5 c5 7. cxd5 exd5 8. Nf3 Nc6 9. dxc5 Bxc5 10. Bd2 O-O 11. Bd3 d4 12. exd4 Nxd4 13. Nxd4 Qxd4 14. Be3 Qe5 15. Qd2 Re8 16. O-O-O Bxe3 17. fxe3 Qxa5 18. Rhf1 Be6 19. Rxf6 gxf6 20. Qf2 Qe5 21. Ne4 f5 22. Nc3 Rac8 23. Bc2 b5 24. Rd4 a5 25. Kb1 Rc5 26. e4 b4 27. Ne2 Rec8 28. Bd3 fxe4 29. Rxe4 Qg5 30. Rf4 Rd5 31. Qf3 Rcd8 32. Bc2 Rd2 33. Qe4 Qg6 34. Ng3 Qxe4 35. Nxe4 Rxg2 36. Nf6+ Kg7 37. Be4 Rg1+ 38. Kc2 b3+ 39. Kc3 Rc1+ 40. Bc2 Rxc2# 0-1


[Site "https://www.chess.com"]

[Event "Titled Tuesday Blitz March 14 Early 2023"]
[White "Matlakov, Maxim"]
[Black "Fernandez Guillen, Ernesto J."]
[WhiteFideId "4168003"]
[BlackFideId "3512428"]
[WhiteElo "2666"]
[BlackElo "2423"]
[Result "1-0"]
[Round "02"]
[TimeControl "180+2"]
[Date "2023.03.14"]
[WhiteClock "0:01:33"]
[BlackClock "0:00:06"]

1. e4 e5 2. Nf3 Nc6 3. d4 exd4 4. Nxd4 g6 5. Nc3 Bg7 6. Be3 Nge7 7. Qd2 O-O 8. O-O-O d5 9. Bb5 Ne5 10. Bh6 Bxh6 11. Qxh6 c5 12. Nf3 Nxf3 13. gxf3 d4 14. h4 Kh8 15. Ne2 Ng8 16. Qf4 Qf6 17. Qg3 Be6 18. h5 g5 19. f4 gxf4 20. Nxf4 a6 21. Rdg1 axb5 22. h6 Ne7 23. Qg7+ Qxg7 24. hxg7+ Kg8 25. gxf8=Q+ Kxf8 26. Rxh7 Rxa2 27. Rh8+ Ng8 28. Nxe6+ Ke7 29. Rhxg8 Kxe6 30. Kb1 1-0


[Site "https://www.chess.com"]

[Event "Titled Tuesday Blitz March 14 Early 2023"]
[White "Tan, Zhongyi"]
[Black "Lazavik, Denis"]
[WhiteFideId "8603642"]
[BlackFideId "13515110"]
[WhiteElo "2519"]
[BlackElo "2560"]
[Result "1/2-1/2"]
[Round "02"]
[TimeControl "180+2"]
[Date "2023.03.14"]
[WhiteClock "0:00:06"]
[BlackClock "0:00:07"]

1. d4 Nf6 2. c4 e6 3. Nc3 Bb4 4. e3 O-O 5. Bd2 c5 6. a3 Bxc3 7. Bxc3 Ne4 8. Ne2 b6 9. d5 Ba6 10. Qc2 exd5 11. cxd5 Nxc3 12. Nxc3 Bxf1 13. Kxf1 d6 14. g3 Nd7 15. Kg2 f5 16. Rhe1 a6 17. a4 Qe7 18. Rad1 g6 19. Rb1 Nf6 20. b4 Rac8 21. bxc5 Rxc5 22. Qd3 Qe5 23. Rb3 Rfc8 24. Ne2 Qxd5+ 25. Qxd5+ Nxd5 26. Rd1 b5 27. axb5 axb5 28. Rbd3 Nf6 29. Rxd6 Ne4 30. Rd8+ Rxd8 31. Rxd8+ Kf7 32. Nd4 Ke7 33. Rb8 Nd6 34. h4 h6 35. Rh8 h5 36. Rb8 Kf6 37. Kf3 Ke5 38. Ke2 Kf6 39. Rb6 Ke7 40. Kf3 Kd7 41. Rb8 Rc8 42. Rxc8 Kxc8 43. Kf4 b4 44. Kg5 Ne4+ 45. Kxg6 Nxf2 46. Kxh5 Ne4 47. g4 Nf6+ 48. Kg5 fxg4 49. Kxf6 g3 50. h5 g2 51. Ne2 b3 52. h6 b2 53. h7 b1=Q 54. h8=Q+ Kb7 55. Qg7+ Ka6 56. Qxg2 Qb6+ 57. Kg5 Qxe3+ 58. Kg4 Qe6+ 59. Kg3 Qg6+ 60. Kf2 Qxg2+ 61. Kxg2 1/2-1/2


[Site "https://www.chess.com"]

[Event "Titled Tuesday Blitz March 14 Early 2023"]
[White "Sarana, Alexey"]
[Black "Liyanage, Ranindu Dilshan"]
[WhiteFideId "24133795"]
[BlackFideId "9915834"]
[WhiteElo "2714"]
[BlackElo "2199"]
[Result "1-0"]
[Round "02"]
[TimeControl "180+2"]
[Date "2023.03.14"]
[WhiteClock "0:00:37"]
[BlackClock "0:00:18"]

1. d4 Nf6 2. c4 e6 3. Nf3 d5 4. Nc3 Bb4 5. Qa4+ Nc6 6. Bd2 O-O 7. a3 Bxc3 8. Bxc3 Bd7 9. Qc2 Ne4 10. e3 Ne7 11. Bb4 a5 12. Bxe7 Qxe7 13. Bd3 Nf6 14. cxd5 exd5 15. Qxc7 Rfc8 16. Qe5 Be6 17. O-O Rc6 18. Rfc1 Rb6 19. Rc2 Nd7 20. Qf4 Rb3 21. Be2 g6 22. g4 Nf6 23. Ne5 Ne4 24. Rac1 Rf8 25. Rc7 Qd8 26. R1c2 Rxb2 27. f3 Rb1+ 28. Kg2 g5 29. Nxf7 Rxf7 30. Qe5 Bxg4 31. Rxf7 Kxf7 32. Rc7+ Bd7 33. fxe4 Kg6 34. Qd6+ 1-0


[Site "https://www.chess.com"]

[Event "Titled Tuesday Blitz March 14 Early 2023"]
[White "Seo, Jung Min"]
[Black "Bortnyk, Olexandr"]
[WhiteFideId "1734687"]
[BlackFideId "14120828"]
[WhiteElo "2468"]
[BlackElo "2734"]
[Result "1-0"]
[Round "02"]
[TimeControl "180+2"]
[Date "2023.03.14"]
[WhiteClock "0:00:08"]
[BlackClock "0:00:07"]

1. d4 d6 2. e4 Nf6 3. Nc3 Nbd7 4. Nf3 e5 5. Rg1 c6 6. g4 h6 7. Be3 g6 8. Qd2 Bg7 9. O-O-O Qe7 10. h4 b5 11. g5 hxg5 12. hxg5 Nh5 13. dxe5 dxe5 14. Kb1 O-O 15. Qd6 Qxd6 16. Rxd6 Nb8 17. Nd2 Re8 18. Nb3 Bf8 19. Rd1 a5 20. a4 b4 21. Na2 Be6 22. Nc5 Bxc5 23. Bxc5 Nd7 24. Be3 Nf4 25. Nc1 Kg7 26. Nd3 Nxd3 27. Bxd3 b3 28. cxb3 Bxb3 29. Bc2 Bxc2+ 30. Kxc2 Nf8 31. Rd6 Rec8 32. Bd2 Ne6 33. Bc3 Nd4+ 34. Bxd4 exd4 35. Rxd4 Rab8 36. Rgd1 Rh8 37. Rc4 Rb6 38. e5 Rh2 39. Rd2 Rg2 40. f4 Rg3 41. Rc5 Rgb3 42. Kc1 R3b4 43. Rxa5 Rxf4 44. Ra7 c5 45. Rd6 Rf1+ 46. Kc2 Rf2+ 47. Kc3 Rbxb2 48. Rf6 Rxf6 49. exf6+ Kh7 50. Kxb2 1-0


[Site "https://www.chess.com"]

[Event "Titled Tuesday Blitz March 14 Early 2023"]
[White "Van Foreest, Jorden"]
[Black "Krysa, Leandro"]
[WhiteFideId "1039784"]
[BlackFideId "116807"]
[WhiteElo "2633"]
[BlackElo "2485"]
[Result "1-0"]
[Round "02"]
[TimeControl "180+2"]
[Date "2023.03.14"]
[WhiteClock "0:00:15"]
[BlackClock "0:00:02"]

1. e4 c5 2. Nc3 Nc6 3. Bb5 Nd4 4. Nf3 e6 5. O-O a6 6. Bd3 Ne7 7. Nxd4 cxd4 8. Ne2 Nc6 9. c3 Bc5 10. b4 Ba7 11. a4 O-O 12. Bb2 dxc3 13. dxc3 d6 14. Bc2 e5 15. Bb3 Be6 16. Ng3 g6 17. Bc1 Re8 18. Ra2 Qe7 19. Re1 Rad8 20. Nf1 Bxb3 21. Qxb3 Qe6 22. Qxe6 fxe6 23. Be3 Bxe3 24. Nxe3 d5 25. b5 Na5 26. Ng4 Kg7 27. exd5 Rxd5 28. bxa6 bxa6 29. g3 Rc8 30. Rb2 Rxc3 31. Nxe5 Rcc5 32. f4 g5 33. Kf2 gxf4 34. gxf4 Rd4 35. Ke3 Rxa4 36. Rg1+ Kh6 37. Ng4+ Kh5 38. Nf6+ Kh6 39. Ng4+ Kh5 40. Re2 Rc3+ 41. Kd2 Ra2+ 42. Kxc3 Rxe2 43. Nf6+ Kh4 44. Rg5 Rxh2 45. Rxa5 Rf2 46. Ra4 Kh3 47. Nxh7 Kg4 48. Nf6+ Kf5 49. Nh5 Rg2 50. Kd3 Kg6 51. Ra5 Rg4 52. Ke3 Rg1 53. Kf2 Rb1 54. Ng3 Rb2+ 55. Kf3 Rb6 56. Kg4 Kf6 57. Ne4+ Ke7 58. Nc5 Rc6 59. Nxa6 e5 60. Rxe5+ Kf6 61. Nc5 Rd6 62. Ne4+ 1-0


[Site "https://www.chess.com"]

[Event "Titled Tuesday Blitz March 14 Early 2023"]
[White "Samant Aditya S"]
[Black "Lenderman, Aleksandr"]
[WhiteFideId "35080580"]
[BlackFideId "2021285"]
[WhiteElo "2362"]
[BlackElo "2607"]
[Result "0-1"]
[Round "02"]
[TimeControl "180+2"]
[Date "2023.03.14"]
[WhiteClock "0:00:01"]
[BlackClock "0:00:37"]

1. e4 e5 2. Nf3 Nf6 3. Nxe5 d6 4. Nf3 Nxe4 5. Nc3 Nf6 6. d4 Be7 7. Bd3 Nc6 8. h3 Nb4 9. O-O O-O 10. Be2 Bf5 11. Ne1 d5 12. a3 Nc6 13. Nf3 Ne4 14. Bd3 Bf6 15. Be3 Re8 16. Re1 Nxc3 17. bxc3 Bxd3 18. cxd3 Qd7 19. Qd2 Re6 20. Bf4 Rae8 21. Rxe6 Rxe6 22. Re1 Rxe1+ 23. Qxe1 h6 24. Qe3 b6 25. g4 Be7 26. a4 Bf8 27. Kg2 f6 28. Bg3 Nd8 29. Nh4 Kf7 30. Nf5 h5 31. Qf3 hxg4 32. hxg4 Ne6 33. Ne3 c6 34. Qd1 Bd6 35. Qh1 Bxg3 36. fxg3 Ng5 37. Nf5 g6 38. Ne3 Qe7 39. Kf2 Qa3 40. Qh8 Qb2+ 41. Kf1 Qc1+ 42. Ke2 Qb2+ 43. Kf1 Qxc3 44. Qc8 Qxd3+ 45. Kf2 Qd2+ 0-1


[Site "https://www.chess.com"]

[Event "Titled Tuesday Blitz March 14 Early 2023"]
[White "Sjugirov, Sanan"]
[Black "Csonka, Balazs"]
[WhiteFideId "4189302"]
[BlackFideId "742910"]
[WhiteElo "2569"]
[BlackElo "2404"]
[Result "1-0"]
[Round "02"]
[TimeControl "180+2"]
[Date "2023.03.14"]
[WhiteClock "0:00:12"]
[BlackClock "0:00:05"]

1. d4 d5 2. c4 dxc4 3. Nf3 Nf6 4. e3 e6 5. Bxc4 a6 6. a4 c5 7. O-O Nc6 8. Qe2 cxd4 9. Rd1 Be7 10. exd4 O-O 11. Nc3 Nd5 12. Bd3 Ncb4 13. Bb1 b6 14. h4 Bb7 15. Ng5 Bxg5 16. hxg5 Rc8 17. Ra3 a5 18. Ne4 g6 19. Qg4 Kg7 20. Rh3 Rh8 21. Qh4 Kg8 22. Bd2 Nc6 23. Bf4 Nce7 24. Be5 Nf5 25. Qg4 h5 26. gxh6 Rxh6 27. Rxh6 Nxh6 28. Qh3 Kh7 29. Ba2 f5 30. Bxd5 1-0


[Site "https://www.chess.com"]

[Event "Titled Tuesday Blitz March 14 Early 2023"]
[White "Chen, Justin"]
[Black "Martinez Alcantara, Jose Eduardo"]
[WhiteFideId "2098199"]
[BlackFideId "3805662"]
[WhiteElo "2289"]
[BlackElo "2712"]
[Result "0-1"]
[Round "02"]
[TimeControl "180+2"]
[Date "2023.03.14"]
[WhiteClock "0:00:04"]
[BlackClock "0:01:03"]

1. Nf3 c5 2. e4 d6 3. Bb5+ Nd7 4. O-O a6 5. Bxd7+ Bxd7 6. d4 cxd4 7. Qxd4 Rc8 8. Bg5 h6 9. Bh4 Qc7 10. Nc3 e5 11. Qd2 g5 12. Bg3 Nf6 13. Rfd1 Be7 14. Ne1 Rg8 15. Nd3 Be6 16. Rac1 h5 17. f3 h4 18. Bf2 g4 19. f4 g3 20. Be3 gxh2+ 21. Kh1 h3 22. g3 Rxg3 23. f5 Bc4 24. Nf2 Rg2 25. b3 Nh5 26. bxc4 Ng3# 0-1


[Site "https://www.chess.com"]

[Event "Titled Tuesday Blitz March 14 Early 2023"]
[White "Vokhidov, Shamsiddin"]
[Black "Ozates, Tuna"]
[WhiteFideId "14204223"]
[BlackFideId "6354521"]
[WhiteElo "2570"]
[BlackElo "2151"]
[Result "1-0"]
[Round "02"]
[TimeControl "180+2"]
[Date "2023.03.14"]
[WhiteClock "0:00:59"]
[BlackClock "0:00:29"]

1. e4 c5 2. Nf3 Nc6 3. Bb5 g6 4. Bxc6 bxc6 5. O-O Bg7 6. Re1 Nh6 7. c3 O-O 8. h3 f5 9. e5 Nf7 10. d3 d6 11. Bf4 Qc7 12. d4 cxd4 13. cxd4 Rb8 14. b3 Nd8 15. Bh2 d5 16. Nc3 Ne6 17. Rc1 Qd7 18. Qd2 h5 19. Ne2 Kh7 20. Bf4 Rb6 21. Ng5+ Nxg5 22. Bxg5 a5 23. Qxa5 Ra6 24. Qd2 f4 25. Nxf4 Qf5 26. h4 Qg4 27. f3 Qf5 28. Nd3 Bd7 29. Bxe7 Rfa8 30. a4 Bh6 31. Bg5 Bxg5 32. hxg5 h4 33. e6 Be8 34. Re5 Qf8 35. Kf2 Kg7 36. Rh1 Rb6 37. Nc5 Rb4 38. Qxb4 Qf4 39. Nd3 Qg3+ 40. Kf1 c5 41. Qb7+ 1-0


[Site "https://www.chess.com"]

[Event "Titled Tuesday Blitz March 14 Early 2023"]
[White "Weetik, Vjacheslav"]
[Black "Vallejo Pons, Francisco"]
[WhiteFideId "4153472"]
[BlackFideId "2205530"]
[WhiteElo "2469"]
[BlackElo "2589"]
[Result "0-1"]
[Round "02"]
[TimeControl "180+2"]
[Date "2023.03.14"]
[WhiteClock "0:00:04"]
[BlackClock "0:00:18"]

1. d4 e6 2. e4 d5 3. exd5 exd5 4. Nf3 Bd6 5. c4 Nf6 6. Nc3 O-O 7. cxd5 Nbd7 8. Bd3 Re8+ 9. Be3 Nb6 10. O-O Bg4 11. h3 Bh5 12. Bg5 h6 13. Bh4 g5 14. Bg3 Nfxd5 15. Ne4 Bf4 16. Re1 c6 17. Nc5 Bxg3 18. Rxe8+ Qxe8 19. fxg3 Qe3+ 20. Kh2 Re8 21. g4 Qf4+ 22. g3 Qe3 23. gxh5 Qf2+ 24. Kh1 Re3 25. Nh2 Rxg3 26. Ne4 Qg2# 0-1


[Site "https://www.chess.com"]

[Event "Titled Tuesday Blitz March 14 Early 2023"]
[White "Eljanov, Pavel"]
[Black "Fiorito, Francisco"]
[WhiteFideId "14102951"]
[BlackFideId "180165"]
[WhiteElo "2598"]
[BlackElo "2341"]
[Result "1-0"]
[Round "02"]
[TimeControl "180+2"]
[Date "2023.03.14"]
[WhiteClock "0:00:17"]
[BlackClock "0:00:03"]

1. c4 Nf6 2. Nc3 c5 3. g3 Nc6 4. Bg2 g6 5. e4 Bg7 6. Nge2 O-O 7. d3 d6 8. O-O Rb8 9. h3 a6 10. a4 Nd4 11. Be3 Ne8 12. Rb1 Nc7 13. b4 b6 14. f4 e6 15. Qd2 f5 16. bxc5 dxc5 17. e5 Re8 18. Rb2 Bb7 19. Bf2 Bxg2 20. Kxg2 b5 21. axb5 axb5 22. Bxd4 cxd4 23. Nxb5 Nxb5 24. cxb5 Qd5+ 25. Kf2 Rxb5 26. Rxb5 Qxb5 27. Nxd4 Qb6 28. Qe3 Bf8 29. Nf3 Qb7 30. Kg2 Ra8 31. Rf2 Ra3 32. Qe2 Qd5 33. d4 Rb3 34. Qc2 h6 35. g4 Be7 36. Qc8+ Kf7 37. Qh8 Bh4 38. Qh7+ Ke8 39. Qxg6+ Kd7 40. Qf7+ Kd8 41. Qf8+ Kc7 42. Rc2+ Kb6 43. Qb8+ Ka5 44. Ra2+ 1-0


[Site "https://www.chess.com"]

[Event "Titled Tuesday Blitz March 14 Early 2023"]
[White "Tillyaev, Ulugbek"]
[Black "Makhnev, Denis"]
[WhiteFideId "14202441"]
[BlackFideId "13707647"]
[WhiteElo "2377"]
[BlackElo "2525"]
[Result "0-1"]
[Round "02"]
[TimeControl "180+2"]
[Date "2023.03.14"]
[WhiteClock "0:00:19"]
[BlackClock "0:00:55"]

1. b3 e5 2. Bb2 Nc6 3. e3 Nf6 4. Bb5 Bd6 5. Na3 Na5 6. Nf3 e4 7. Nd4 O-O 8. Nf5 Bxa3 9. Bxa3 d6 10. Ng3 Bg4 11. Be2 Bxe2 12. Qxe2 Re8 13. O-O-O Nc6 14. Bb2 a5 15. a4 Ne5 16. f3 exf3 17. gxf3 c6 18. Rhg1 Ng6 19. Nf5 b5 20. axb5 a4 21. bxc6 axb3 22. cxb3 Qa5 23. Qd3 Rec8 24. Kb1 Qa2+ 25. Kc1 Rxc6+ 26. Bc3 Qxb3 27. Qb1 Rxc3+ 28. dxc3 Qxc3+ 29. Qc2 Ra1# 0-1


[Site "https://www.chess.com"]

[Event "Titled Tuesday Blitz March 14 Early 2023"]
[White "Nguyen, Ngoc Truong Son"]
[Black "Al-Tarboush, Ward"]
[WhiteFideId "12401110"]
[BlackFideId "7601450"]
[WhiteElo "2571"]
[BlackElo "2257"]
[Result "1-0"]
[Round "02"]
[TimeControl "180+2"]
[Date "2023.03.14"]
[WhiteClock "0:01:14"]
[BlackClock "0:00:37"]

1. d4 Nf6 2. c4 g6 3. Nc3 d5 4. Nf3 Bg7 5. cxd5 Nxd5 6. e4 Nxc3 7. bxc3 c5 8. Bb5+ Nc6 9. O-O O-O 10. Bxc6 bxc6 11. Qc2 Ba6 12. Rd1 Qa5 13. a4 Rfd8 14. Ba3 cxd4 15. cxd4 e6 16. Bc5 Rd7 17. h4 Rad8 18. Rdc1 h5 19. e5 Bh6 20. Rcb1 Bd3 21. Qxd3 Qxc5 22. Qxg6+ fxg6 23. dxc5 Bf8 24. Ng5 Re8 25. Ne4 Be7 26. Nd6 Rf8 27. g3 Rf3 28. a5 Rc3 29. a6 Rd8 30. Rb7 Bf8 31. Rxa7 Rb8 32. Rb7 Ra8 33. a7 Rxc5 34. Rb8 Rxa7 35. Rxa7 Rxe5 36. Rf7 Rf5 37. Rbxf8# 1-0


[Site "https://www.chess.com"]

[Event "Titled Tuesday Blitz March 14 Early 2023"]
[White "Kim, Sergey"]
[Black "Xu, Xiangyu"]
[WhiteFideId "13700570"]
[BlackFideId "8608288"]
[WhiteElo "2629"]
[BlackElo "2477"]
[Result "0-1"]
[Round "02"]
[TimeControl "180+2"]
[Date "2023.03.14"]
[WhiteClock "0:00:06"]
[BlackClock "0:00:32"]

1. d4 Nf6 2. c4 e6 3. Nc3 Bb4 4. Qc2 O-O 5. a3 Bxc3+ 6. Qxc3 d5 7. Nf3 dxc4 8. Qxc4 b6 9. g3 Ba6 10. Qc2 Bb7 11. Bg2 Nbd7 12. O-O c5 13. Rd1 Rc8 14. dxc5 Rxc5 15. Qa4 Qa8 16. Qh4 h6 17. Be3 Rd5 18. Rxd5 Bxd5 19. Bd4 Rc8 20. Bc3 Ne4 21. Bd4 Nd6 22. Qf4 Nf5 23. Bc3 Rc4 24. Qd2 Nc5 25. Rd1 Ne4 26. Qe1 Nxc3 27. bxc3 Ra4 28. Ra1 Qc8 29. Qd2 Qc5 30. Qb2 Nd6 31. Nd2 Bxg2 32. Kxg2 Nb5 33. c4 Nd6 34. Qb3 Qc6+ 35. Kg1 Nxc4 36. Nxc4 Rxc4 37. Qe3 a5 38. Rd1 b5 39. h3 Rc3 40. Qe5 Rxa3 41. Rd8+ Kh7 42. Kh2 Qb6 43. e3 Qxd8 0-1


[Site "https://www.chess.com"]

[Event "Titled Tuesday Blitz March 14 Early 2023"]
[White "Talibov, Shiroghlan"]
[Black "Seemann, Jakub"]
[WhiteFideId "13429078"]
[BlackFideId "21874697"]
[WhiteElo "2218"]
[BlackElo "2364"]
[Result "1-0"]
[Round "02"]
[TimeControl "180+2"]
[Date "2023.03.14"]
[WhiteClock "0:02:37"]
[BlackClock "0:02:39"]

1. c4 g6 2. d4 Bg7 3. Nc3 d6 4. e4 Nf6 5. Be2 O-O 6. Bg5 c5 7. d5 e6 8. Nf3 exd5 9. cxd5 Re8 10. Nd2 h6 11. Bh4 g5 12. Bg3 b5 13. Bxb5 Bd7 14. O-O Bxb5 15. Nxb5 Bf8 16. Re1 Qb6 17. a4 a6 18. Nc4 1-0


[Site "https://www.chess.com"]

[Event "Titled Tuesday Blitz March 14 Early 2023"]
[White "Ibarra Jerez, Jose Carlos"]
[Black "Demin, Vladimir"]
[WhiteFideId "2226332"]
[BlackFideId "4167457"]
[WhiteElo "2638"]
[BlackElo "2614"]
[Result "0-1"]
[Round "02"]
[TimeControl "180+2"]
[Date "2023.03.14"]
[WhiteClock "0:00:09"]
[BlackClock "0:00:09"]

1. e4 e5 2. Nf3 Nc6 3. Bb5 a6 4. Bxc6 dxc6 5. O-O Bg4 6. h3 h5 7. d3 Qf6 8. Nbd2 g5 9. Nc4 Bxf3 10. Qxf3 Qxf3 11. gxf3 f6 12. h4 gxh4 13. f4 exf4 14. Bxf4 O-O-O 15. Kh2 Bh6 16. Bxh6 Nxh6 17. Kh3 f5 18. f3 Rdg8 19. Rg1 fxe4 20. fxe4 Ng4 21. Kxh4 b5 22. Nd2 Ne3 23. c3 Ng2+ 24. Kh3 Nf4+ 25. Kh4 Ng2+ 26. Kh3 Nf4+ 27. Kh4 Nxd3 28. Nf3 Nf2 29. Ng5 Ng4 30. Raf1 Rg7 31. Rf5 Ne3 32. Rf6 Kb7 33. Re1 Nc4 34. e5 Rhg8 35. Rf5 Nxb2 36. e6 Nd3 37. Re3 Nb2 38. e7 Re8 39. Rf7 Rxf7 40. Nxf7 Nc4 41. Re6 Nd6 42. Nxd6+ cxd6 43. Kxh5 Kc7 44. Kg6 Kd7 45. Kf7 a5 46. a3 c5 47. Kf6 Rh8 48. Re1 b4 49. cxb4 axb4 50. axb4 cxb4 51. Kf7 Re8 52. Kf6 b3 53. Ra1 b2 54. Rb1 Rxe7 55. Rxb2 Re1 56. Rd2 Kc6 57. Rc2+ Kd7 58. Kf5 d5 59. Kf4 Kd6 60. Rd2 Kc5 61. Rc2+ Kd4 62. Rd2+ Kc4 63. Rc2+ Kd3 64. Ra2 d4 65. Kf3 Rf1+ 66. Kg2 Rf8 67. Ra7 Ke3 68. Re7+ Kd2 69. Rd7 d3 70. Rd5 Ke2 71. Re5+ Kd1 72. Rd5 d2 73. Rc5 Ke2 74. Re5+ Kd3 75. Rd5+ Ke3 76. Re5+ Kd4 77. Re7 Rd8 78. Re8 Rxe8 0-1


[Site "https://www.chess.com"]

[Event "Titled Tuesday Blitz March 14 Early 2023"]
[White "Horobetz, Graham"]
[Black "Timofeev, Artyom"]
[WhiteFideId "2047322"]
[BlackFideId "4140419"]
[WhiteElo "2613"]
[BlackElo "2586"]
[Result "0-1"]
[Round "02"]
[TimeControl "180+2"]
[Date "2023.03.14"]
[WhiteClock "0:00:10"]
[BlackClock "0:00:36"]

1. e4 c5 2. Nf3 d6 3. d4 cxd4 4. Nxd4 Nf6 5. Nc3 Nc6 6. Be2 g6 7. O-O Bg7 8. Be3 O-O 9. h3 Bd7 10. Nb3 Rc8 11. f4 a6 12. Bf3 Be6 13. Nd5 Nd7 14. c3 b5 15. a4 b4 16. cxb4 Bxd5 17. exd5 Nxb4 18. Bd4 Nc2 19. Bxg7 Kxg7 20. Rc1 Qb6+ 21. Kh1 Ne3 22. Qd3 Nxf1 23. Rxf1 a5 24. Bg4 Rc7 25. Bxd7 Rxd7 26. f5 Qb4 27. Nd4 Qxa4 28. Qc3 Kg8 29. Nc6 Qb5 30. Re1 Qxd5 31. Rxe7 Qxf5 32. Re3 d5 33. Rf3 d4 34. Qc4 Qe6 35. Qb5 d3 0-1


[Site "https://www.chess.com"]

[Event "Titled Tuesday Blitz March 14 Early 2023"]
[White "Bachmann, Axel"]
[Black "Skatchkov, Pavel"]
[WhiteFideId "3700488"]
[BlackFideId "4121848"]
[WhiteElo "2605"]
[BlackElo "2476"]
[Result "1-0"]
[Round "02"]
[TimeControl "180+2"]
[Date "2023.03.14"]
[WhiteClock "0:00:26"]
[BlackClock "0:00:03"]

1. d4 Nf6 2. c4 e6 3. Nf3 d5 4. g3 Bb4+ 5. Bd2 a5 6. Bg2 O-O 7. O-O dxc4 8. Bg5 b5 9. a4 c6 10. Ne5 Ra6 11. Nc3 Bxc3 12. bxc3 h6 13. Bxf6 Qxf6 14. Qb1 Nd7 15. Nxc6 bxa4 16. Rxa4 Rb6 17. Qa2 Bb7 18. Nxa5 Bxg2 19. Kxg2 e5 20. d5 e4 21. Qxc4 Re8 22. Qd4 Qf5 23. Nc4 Rg6 24. Ne3 Qg5 25. Rh1 f5 26. d6 f4 27. Qd5+ Kh7 28. Qxg5 Rxg5 29. h4 Rg6 30. Nc4 Rc8 31. Rd1 Rf6 32. Ra7 f3+ 33. exf3 exf3+ 34. Kh3 Rc5 35. Rxd7 Rxc4 36. Re7 Rc8 37. d7 Rd8 38. Re8 1-0


[Site "https://www.chess.com"]

[Event "Titled Tuesday Blitz March 14 Early 2023"]
[White "Maksimenko, Viktor"]
[Black "Salinas Herrera, Pablo"]
[WhiteFideId "13710478"]
[BlackFideId "3407128"]
[WhiteElo "2277"]
[BlackElo "2550"]
[Result "0-1"]
[Round "02"]
[TimeControl "180+2"]
[Date "2023.03.14"]
[WhiteClock "0:00:02"]
[BlackClock "0:00:15"]

1. d4 d5 2. c4 e6 3. Nf3 Nf6 4. g3 Be7 5. Bg2 O-O 6. O-O c6 7. b3 b6 8. Nc3 a5 9. Nd2 Bb7 10. e4 dxe4 11. Ndxe4 Na6 12. h4 h6 13. Bb2 Qc7 14. Nxf6+ Bxf6 15. Ne4 Be7 16. Qe2 c5 17. d5 exd5 18. cxd5 Bxd5 19. Qg4 g6 20. h5 Be6 21. Qf3 Bf5 22. Qc3 f6 23. Rfe1 Nb4 24. Rad1 Rad8 25. a3 Nc6 26. g4 Bxg4 27. hxg6 Nd4 28. Rd2 f5 29. Ng3 Bf6 30. Qc1 Qf4 31. Qc4+ Kh8 32. Rd3 Qg5 33. b4 axb4 34. axb4 Rc8 35. bxc5 bxc5 36. Bc1 Qxg6 37. Ra3 Bg7 38. Ra6 Rf6 39. Ra7 Re6 40. Rxe6 Qxe6 41. Qxe6 Nxe6 42. Bd5 Nd4 43. Kg2 c4 44. f3 f4 45. fxg4 fxg3 46. Kxg3 Ne2+ 47. Kh4 Nxc1 48. Kh5 Rd8 49. Kg6 Rd6+ 50. Kf7 Rxd5 51. Kg6 Rg5+ 52. Kf7 Kh7 53. Ra5 Rxa5 0-1


[Site "https://www.chess.com"]

[Event "Titled Tuesday Blitz March 14 Early 2023"]
[White "Ider, Borya"]
[Black "Prokofiev, Valentyn"]
[WhiteFideId "4901134"]
[BlackFideId "14160161"]
[WhiteElo "2512"]
[BlackElo "2260"]
[Result "1/2-1/2"]
[Round "02"]
[TimeControl "180+2"]
[Date "2023.03.14"]
[WhiteClock "0:00:09"]
[BlackClock "0:00:14"]

1. d4 Nf6 2. Nf3 d5 3. c4 e6 4. g3 Be7 5. Bg2 O-O 6. O-O dxc4 7. Ne5 Nc6 8. Bxc6 bxc6 9. Nxc6 Qe8 10. Nxe7+ Qxe7 11. Qa4 c5 12. Qa3 Bb7 13. Qxc5 Qxc5 14. dxc5 Rfc8 15. Nc3 Rxc5 16. Be3 Rcc8 17. Rfd1 Nd5 18. Bd4 f6 19. f3 Kf7 20. Kf2 a5 21. a3 Bc6 22. e4 Ne7 23. Rd2 Rab8 24. Rad1 Rb3 25. Ne2 f5 26. Bc3 fxe4 27. fxe4 Bxe4 28. Rd7 Bd5 29. Nf4 Ke8 30. Ra7 Rcb8 31. Rd2 g6 32. Rxa5 R3b5 33. Ra6 R5b6 34. Ra7 R6b7 35. Ra5 Rb5 36. Rxb5 Rxb5 37. a4 Rb8 38. a5 Kd7 39. g4 Kc6 40. Kg3 Rf8 41. h4 Ra8 42. Re2 Kd7 43. h5 g5 44. Nh3 h6 45. Bg7 Ng8 46. Bc3 Ne7 47. Nf2 Rg8 48. Ne4 Ra8 49. Bg7 Ng8 50. Bc3 Ne7 51. Nf6+ Kc6 52. Nxd5 Nxd5 53. Rxe6+ Kd7 54. Rxh6 Nxc3 55. bxc3 Rxa5 56. Rg6 Ra3 57. Rxg5 Rxc3+ 58. Kh4 Rc1 59. Rc5 Kd6 60. Rc8 Kd7 61. Ra8 c3 62. Kg5 c2 63. Ra2 Kd6 64. h6 Kd5 65. Kg6 Rg1 66. Rxc2 Rxg4+ 67. Kf6 Rh4 68. Kg7 Rg4+ 69. Kf7 Rh4 70. Kg7 Rg4+ 71. Kh8 Ke6 72. Rf2 Ke7 73. Rf5 Rg3 74. Kh7 Rg4 75. Ra5 Rg3 76. Ra8 Kf7 77. Ra7+ Kf8 78. Rg7 Ra3 79. Rg1 Rf3 80. Kh8 Rf6 81. h7 Rf2 82. Ra1 Rf3 83. Ra8+ Kf7 84. Ra7+ Kf8 85. Rb7 Rf4 86. Rg7 Rf1 87. Rg8+ Kf7 88. Rb8 Rf2 89. Rc8 Rf3 90. Rb8 Rf4 91. Rc8 Rf5 92. Rb8 Rf3 93. Rc8 Rf2 94. Rb8 Rf1 95. Rc8 Rf2 96. Rb8 Rf3 97. Rc8 Rf4 98. Rb8 Rf5 99. Rc8 Rf6 100. Rb8 Rf1 101. Rb7+ Kf8 102. Rb8+ Kf7 1/2-1/2


[Site "https://www.chess.com"]